 Dungeon Crawl Stone Soup version 0.27-a0-1158-gaa87e14f67 (webtiles) character file.

Game seed: 5861280242728334294

639 leviel the Chopper (level 7, -4/62 HPs)
             Began as a Minotaur Fighter on May 15, 2021.
             Killed by divine providence
             ... invoked by an orc priest
              (12 damage)
             ... on level 4 of the Dungeon.
             The game lasted 00:03:51 (4220 turns).

leviel the Chopper (Minotaur Fighter)               Turns: 4220, Time: 00:03:52

Health: -4/62      AC:  7    Str: 23    XL:     7   Next: 26%
Magic:  6/6        EV:  8    Int:  5    God:
Gold:   226        SH:  0    Dex:  9    Spells: 6/6 levels left

rFire    . . .     SeeInvis .   i - +4 falchion (holy)
rCold    . . .     Faith    .   c - +0 kite shield
rNeg     . . .     Spirit   .   b - +0 scale mail
rPois    .         Reflect  .   (helmet restricted)
rElec    .         Harm     .   (no cloak)
rCorr    .         Rampage  .   (no gloves)
Will     .....                  (no boots)
Stlth    ..........             (no amulet)
HPRegen  0.20/turn              (no ring)
MPRegen  0.10/turn              (no ring)

@: confused, very slow
A: horns 2, retaliatory headbutt
a: no special abilities


You were on level 4 of the Dungeon.
You visited 1 branch of the dungeon, and saw 4 of its levels.

You collected 226 gold pieces.

Inventory:

Hand Weapons
 a - a +0 war axe
 i - a +4 falchion of holy wrath (weapon)
Armour
 b - a +0 scale mail (worn)
 c - a +0 kite shield (worn)
Wands
 n - a wand of flame (13)
Scrolls
 f - 2 scrolls of identify {unknown}
 g - a scroll of noise {unknown}
 j - a scroll of holy word {unknown}
 m - a scroll of torment {unknown}
 o - a scroll of fear {unknown}
 p - a scroll of teleportation {unknown}
Potions
 d - 3 potions of might
 e - a potion of magic {unknown}
 h - a potion of lignification {unknown}
 k - a potion of attraction {unknown}
 l - 2 potions of flight {unknown}


   Skills:
 + Level 5.6 Fighting
 * Level 6.1 Axes
 + Level 5.6 Armour
 + Level 5.6 Shields


You had 6 spell levels left.
You didn't know any spells.
Your spell library contained the following spells:

 Spells                   Type           Power      Damage    Failure   Level
 Sandblast                Erth           0%         2d4       99%         1
 Passwall                 Tmut/Erth      0%         N/A       100%        2
 Stone Arrow              Conj/Erth      0%         3d7       100%        3
 Petrify                  Tmut/Erth      0%         N/A       100%        4
 Lee's Rapid Deconstruct  Erth           0%         3d5*      100%        5


Dungeon Overview and Level Annotations

Branches:
Dungeon (4/15)
 Temple: D:4-7

Altars:

Annotations:
D:3 2 transporters, mhtbhm's ghost, amateur DEFE


Innate Abilities, Weirdness & Mutations

You have a pair of horns on your head.
You reflexively headbutt those who attack you in melee.


Message History

The gnoll hits you but does no damage.
The orc priest begins to cast a cantrip, but forgets the words!
You hear some strange, mumbled words.
Something tries to affect you, but you resist.
You closely miss the orc. You headbutt the orc.
You kill the orc!
You hear a splash.
You are engulfed in a cloud of scalding steam.
You block the gnoll's attack.
The orc priest calls down the wrath of Beogh upon you.
Pain shoots through your body! You block the gnoll's attack.
There are monsters nearby!
A puff of flame appears from out of thin air!
The puff of flame hits you but does no damage.
The orc priest invokes the aid of Beogh against you.
You struggle to resist.
An orc priest comes into view. It is wielding a +0 hand axe.
You are confused.
The orc priest mumbles some strange prayers to Beogh against you.
Pain shoots through your body!
You slash the orc!
You kill the orc!
You hear a splash.
A puff of flame appears from out of thin air!
The puff of flame hits you!
* * * LOW HITPOINT WARNING * * *
You enter the shallow water.
Moving in this stuff is going to be slow.
An orc wizard appears from thin air!
Reactivating autopickup.
The orc priest invokes the aid of Beogh against you.
Beogh smites you!
* * * LOW HITPOINT WARNING * * *
The gnoll barely misses you.
The orc priest looks satisfied for a moment.
The orc priest closely misses you. The gnoll barely misses you.
You're too confused to move!
The orc priest barely misses you.
The orc priest invokes the aid of Beogh against you.
Beogh smites you!
You die...

#.# .#. #...#... #.#
⌠.⌠.......###.#####. #.#
#.##...........†.#... #####.#
#.##..#.......)..#.#.
......#######.##..####.####......
..P........†..o..................
.≈≈≈≈≈≈≈≈≈≈≈)≈g≈≈≈≈≈....≈≈≈≈≈≈≈≈≈
.≈≈≈≈≈≈≈≈≈≈≈≈≈≈o≈≈≈≈....≈≈≈≈≈≈≈≈≈
.≈≈#####≈≈≈≈≈))≈@≈≈≈....≈≈≈≈≈≈≈≈≈
.≈≈#.go#........o................
.≈≈#...#############''''#########
P≈≈###'# ... .≈≈≈.# . .≈≈≈.#
.≈≈≈.# .≈≈≈.# .≈≈≈.#


You could see 2 orc priests, an orc wizard and a gnoll.

Vanquished Creatures
  An ice beast (D:3)
  A phantom (D:4)
  3 howler monkeys (D:4)
  An orc priest (D:3)
  A centaur skeleton (D:4)
  Terence (D:2)
  An iguana (D:4)
  An orc wizard (D:3)
  7 gnolls
  5 adders
  2 worms (D:2)
  8 orcs
  7 endoplasms
  3 giant cockroaches
  4 goblins
  10 hobgoblins
  18 jackals
  6 kobolds
  3 quokkas
  3 ball pythons
  11 bats
  9 rats
106 creatures vanquished.

Notes
Turn   | Place    | Note
-------+----------+-------------------------------------------
     0 | D:1      | leviel the Minotaur Fighter began the quest for the Orb.
     0 | D:1      | Reached XP level 1. HP: 19/19 MP: 0/0
   261 | D:1      | Reached XP level 2. HP: 25/27 MP: 1/1
   287 | D:1      | Found a faded altar of an unknown god.
   748 | D:1      | Reached XP level 3. HP: 32/33 MP: 2/2
  1073 | D:1      | Reached skill level 3 in Axes
  1654 | D:2      | Reached XP level 4. HP: 33/41 MP: 3/3
  1905 | D:2      | Noticed Terence
  1912 | D:2      | Killed Terence
  2366 | D:2      | Reached skill level 4 in Axes
  2366 | D:2      | Reached XP level 5. HP: 41/47 MP: 4/4
  2669 | D:3      | Noticed an ice beast
  2689 | D:3      | Killed an ice beast
  2690 | D:3      | Reached skill level 5 in Fighting
  2690 | D:3      | Reached skill level 5 in Armour
  2690 | D:3      | Reached skill level 5 in Shields
  2690 | D:3      | Reached XP level 6. HP: 28/56 MP: 5/5
  2864 | D:3      | Found a transporter.
  2864 | D:3      | Noticed mhtbhm's ghost (amateur DEFE)
  3035 | D:3      | Reached skill level 5 in Axes
  3307 | D:3      | Found a transporter.
  4056 | D:4      | Reached XP level 7. HP: 40/61 MP: 6/6
  4208 | D:4      | Reached skill level 6 in Axes
  4220 | D:4      | Killed from afar by an orc priest

Illustrated notes

Levels and vault maps discovered:
D:1:      dpeg_arrival_round_b, layout_loops_corners,
          shapermc_ecumenical_altar_starsandcircs
D:2:      layout_loops_ring, ebering_dispersal_statue_hall, uniq_terence
D:3:      layout_rooms, gammafunk_ghost_arena
D:4:      lemuel_castle_with_subvaults [lemuel_castle_interior_carwin_1],
          layout_loops_ring, serial_shops, shop_fountains,
          uniq_crazy_yiuf_cottage

Skill      XL: |  1  2  3  4  5  6  7 |
---------------+----------------------+-----
Fighting       | 4 5 |  5.6
Armour         | 4 5 |  5.6
Shields        | 4 5 |  5.6
Axes           | 3 4 5 6 |  6.1

Action                   |  1- 3 |  4- 6 |  7- 9 || total
-------------------------+-------+-------+-------++-------
Melee: War axe           |    89 |    12 |       ||   101
       Headbutt          |     8 |    18 |     6 ||    32
       Falchion          |       |   102 |    21 ||   123
Armor: Scale mail        |    33 |    52 |    13 ||    98
Dodge: Dodged            |    26 |    40 |    11 ||    77
Block: Kite shield       |    41 |    64 |    15 ||   120
       Rpst.: Falchion   |       |     3 |     2 ||     5

Table legend: (Time is in decaauts)
 A = Elapsed time spent in this place.
 B = Non-inter-level travel time spent in this place.
 C = Inter-level travel time spent in this place.
 D = Time resting spent in this place.
 E = Time spent auto-exploring this place.
 F = Levels seen in this place.
 G = Mean time per level.
                   A        B        C        D        E       F      G
               +--------+--------+--------+--------+--------+-----+--------+
         Total |   4341 |   4268 |     73 |   1240 |   2432 |   4 | 1085.2 |
       Dungeon |   4341 |   4268 |     73 |   1240 |   2432 |   4 | 1085.2 |
               +--------+--------+--------+--------+--------+-----+--------+

Top non-repeatable levels by time:
     D:2: 1558 daAuts
     D:1: 1178 daAuts
     D:3: 1017 daAuts
     D:4: 587 daAuts
